 Dungeon Crawl Stone Soup version 0.31-a0-1-g4198be8af4 (webtiles) character file.

Game seed: 13552584417300656165

3158667 LobsterGuardian the Conqueror (level 27, 273/273 HPs)
             Began as a Minotaur Chaos Knight on Apr 29, 2023.
             Was an Elder of Nemelex Xobeh.
             Escaped with the Orb
             ... and 5 runes on Apr 30, 2023!
             The game lasted 04:46:51 (70228 turns).

LobsterGuardian the Conqueror (MiCK)               Turns: 70228, Time: 04:46:51

Health: 273/273    AC: 35    Str: 26    XL:     27
Magic:  26/26      EV: 25    Int: 12    God:    Nemelex Xobeh [****..]
Gold:   2649       SH: 30    Dex: 21    Spells: 19/26 levels left

rFire   + + .        V - +9 demon blade (heavy)
rCold   x . .        m - +3 tower shield of Zukkaidi {rPois Regen+}
rNeg    + + .        D - +2 plate armour of Darkness {Will+ Str+3 Int+3}
rPois   +            F - +2 hat {SInv}
rElec   .            X - scarf of Tulips {harm, Dex+4}
rCorr   +            L - +2 pair of gloves
SInv    +            J - +1 pair of boots of the Jabberwock {rN++ Dex+3}
Will    ++++.        O - amulet of regeneration Stlth
                     K - ring of the Imp {rF+ rCorr}
HPRegen 2.25/turn    U - ring "Estestrac" {rF+ Will+}
MPRegen 0.20/turn

%: harm (+30% outgoing, +20% incoming)
@: hasted, studying 2 skills, very quick
A: horns 2, retaliatory headbutt, talons 1, iridescent scales 1, clumsy 2,
deterioration 2, low MP 1, mutation resistance 1, sense surroundings 2,
screaming 1, cold vulnerability 1
0: Orb of Zot
}: 5/15 runes: decaying, slimy, silver, abyssal, gossamer
a: Renounce Religion, Draw Escape, Draw Destruction, Draw Summoning, Triple
Draw, Deal Four


You escaped.
You worshipped Nemelex Xobeh.
Nemelex Xobeh was greatly pleased with you.
You visited 12 branches of the dungeon, and saw 56 of its levels.
You visited the Abyss 2 times.
You also visited: Trove, Bailey, Gauntlet and Volcano.

You collected 8308 gold pieces.
You spent 5659 gold pieces at shops.

Inventory:

Hand Weapons
 S - the +10 zealot's sword {holy, Zealotry, *Rage rN+ EV+3}
   (You acquired it on level 1 of the Crypt)

   Zealotry:  Whenever the wielder enters a berserk rage, their allies are
   berserked alongside them.
   EV:        It affects your evasion (+3).
   rN:        It protects you from negative energy.
   *Rage:     It berserks you when you make melee attacks (+20% chance).
 V - a +9 heavy demon blade (weapon)
Armour
 d - the +7 scale mail of the Other Side {+Blink rF+}
   (You bought it in a shop on level 2 of the Orcish Mines)

   rF:        It protects you from fire.
   +Blink:    It lets you blink.
 m - the +3 tower shield of Zukkaidi (worn) {rPois Regen+}
   (You acquired it on level 1 of the Depths)

   rPois:     It protects you from poison.
   Regen:     It increases your rate of health regeneration.
 D - the +2 plate armour of Darkness (worn) {Will+ Str+3 Int+3}
   (You bought it in a shop on level 3 of the Elven Halls)

   Str:       It affects your strength (+3).
   Int:       It affects your intelligence (+3).
   Will:      It increases your willpower.
 F - a +2 hat of see invisible (worn)
 J - the +1 pair of boots of the Jabberwock (worn) {rN++ Dex+3}
   (You found it in a treasure trove)

   Dex:       It affects your dexterity (+3).
   rN:        It greatly protects you from negative energy.
 L - a +2 pair of gloves (worn)
 X - the scarf of Tulips (worn) {harm, Dex+4}
   (You found it in a treasure trove)

   Dex:       It affects your dexterity (+4).
Jewellery
 b - the ring "Fuirph" {Ice rPois Int+3 Dex-2}
   (You found it on level 4 of the Realm of Zot)

   [ring of ice]

   It enhances your ice magic.
   Int:       It affects your intelligence (+3).
   Dex:       It affects your dexterity (-2).
   rF:        It makes you vulnerable to fire.
   rC:        It protects you from cold.
   rPois:     It protects you from poison.
 e - the ring "Uvvut" {rC+ rCorr}
   (You found it on level 1 of the Lair of Beasts)

   [ring of protection from cold]

   rC:        It protects you from cold.
   rCorr:     It protects you from acid and corrosion.
 q - a ring of flight
 C - the ring of Fatigue {Str+6 Dex+2}
   (You bought it in a shop on level 1 of the Depths)

   [ring of strength]

   Str:       It affects your strength (+6).
   Dex:       It affects your dexterity (+2).
 G - the ring of the Briny Deep {rN+ Str+3}
   (You bought it in a shop on level 2 of the Orcish Mines)

   [ring of positive energy]

   Str:       It affects your strength (+3).
   rN:        It protects you from negative energy.
 K - the ring of the Imp (left hand) {rF+ rCorr}
   (You found it on level 1 of the Realm of Zot)

   [ring of resist corrosion]

   rF:        It protects you from fire.
   rCorr:     It protects you from acid and corrosion.
 M - the ring of Hourghowa {rElec rN+}
   (You found it on level 3 of the Crypt)

   [ring of positive energy]

   rElec:     It insulates you from electricity.
   rN:        It protects you from negative energy.
 O - an amulet of regeneration (around neck)
 U - the ring "Estestrac" (right hand) {rF+ Will+}
   (You found it on level 3 of the Elven Halls)

   [ring of willpower]

   rF:        It protects you from fire.
   Will:      It increases your willpower.
 Z - the ring "Puutze Adairgh" {Fly rElec Str+2}
   (You found it on level 5 of the Realm of Zot)

   [ring of flight]

   Str:       It affects your strength (+2).
   rElec:     It insulates you from electricity.
   Fly:       It grants you flight.
Wands
 k - a wand of polymorph (46)
 l - a wand of mindburst (92)
 v - a wand of flame (172)
 y - a wand of paralysis (88)
 z - a wand of iceblast (67)
 Q - a wand of digging (10)
 R - a wand of acid (34)
Scrolls
 a - a scroll of silence
 f - 4 scrolls of enchant weapon
 g - 9 scrolls of fog
 h - 14 scrolls of teleportation
 i - 6 scrolls of fear
 o - 15 scrolls of vulnerability
 r - 11 scrolls of immolation
 s - 7 scrolls of amnesia
 t - 9 scrolls of enchant armour
 u - 3 scrolls of brand weapon
 A - 4 scrolls of summoning
 I - 3 scrolls of blinking
 T - 6 scrolls of poison
 W - 6 scrolls of magic mapping
Potions
 j - 7 potions of flight
 n - 4 potions of cancellation
 p - 3 potions of haste
 w - 27 potions of curing
 x - 6 potions of invisibility
 B - 4 potions of resistance
 E - 8 potions of ambrosia
 H - 4 potions of berserk rage
 N - 3 potions of might
 P - 9 potions of heal wounds
 Y - 2 potions of magic
Miscellaneous
 c - a piece from Xom's chessboard (15/15)


   Skills:
 O Level 27 Fighting
 * Level 22.2 Long Blades
 O Level 27 Armour
 O Level 27 Dodging
 O Level 27 Shields
 - Level 2.4 Summonings
 - Level 7.1 Translocations
 + Level 10.5 Invocations


You had 19 spell levels left.
You knew the following spells:

 Your Spells              Type           Power      Damage    Failure   Level
a - Malign Gateway        Summ/Tloc      5%         N/A       100%        7

Your spell library contained the following spells:

 Spells                   Type           Power      Damage    Failure   Level
 Apportation              Tloc           34%        N/A       5%          1
 Lesser Beckoning         Tloc           34%        N/A       9%          2
 Gell's Gravitas          Tloc           17%        N/A       17%         3
 Teleport Other           Tloc           17%        N/A       17%         3
 Summon Small Mammal      Summ           20%        N/A       36%         1
 Call Imp                 Summ           10%        N/A       50%         2
 Passage of Golubria      Tloc           17%        N/A       50%         4
 Portal Projectile        Hex/Tloc       16%        N/A       58%         3
 Vhi's Electric Charge    Tloc/Air       16%        N/A       58%         3
 Volatile Blastmotes      Fire/Tloc      16%        2d11      58%         3
 Beastly Appendage        Tmut           0%         N/A       71%         1
 Foxfire                  Conj/Fire      0%         2x1d4     71%         1
 Kiss of Death            Conj/Necr      0%         2d5       71%         1
 Magic Dart               Conj           0%         1d3       71%         1
 Necrotise                Necr           0%         1d4       71%         1
 Sandblast                Erth           0%         2d4       71%         1
 Shock                    Conj/Air       0%         1d3       71%         1
 Slow                     Hex            0%         N/A       71%         1
 Call Canine Familiar     Summ           5%         N/A       75%         3
 Cigotuvi's Dreadful Rot  Necr/Pois/Air  0%         N/A       83%         2
 Passwall                 Tmut/Erth      0%         N/A       83%         2
 Scorch                   Fire           0%         2d5       83%         2
 Searing Ray              Conj           0%         2d4       83%         2
 Static Discharge         Conj/Air       0%         2-2/arc   83%         2
 Sublimation of Blood     Necr           0%         N/A       83%         2
 Wereblood                Tmut           0%         N/A       83%         2
 Summon Guardian Golem    Hex/Summ       2%         N/A       88%         3
 Iskenderun's Mystic Bla  Conj/Tloc      8%         2d4       94%         4
 Confusing Touch          Hex            0%         N/A       97%         3
 Dazzling Flash           Conj/Hex       0%         N/A       97%         3
 Frozen Ramparts          Ice            0%         1d1       97%         3
 Ignite Poison            Fire/Tmut/Pois 0%         N/A       97%         3
 Inner Flame              Hex/Fire       0%         N/A       97%         3
 Mephitic Cloud           Conj/Pois/Air  0%         N/A       97%         3
 Ozocubu's Armour         Ice            0%         N/A       97%         3
 Stone Arrow              Conj/Erth      0%         3d7       97%         3
 Tukima's Dance           Hex            0%         N/A       97%         3
 Vampiric Draining        Necr           0%         2d6       97%         3
 Animate Armour           Summ/Erth      4%         N/A       99%         4
 Summon Ice Beast         Ice/Summ       2%         N/A       99%         4
 Summon Lightning Spire   Summ/Air       2%         N/A       99%         4
 Summon Forest            Summ/Tloc      5%         N/A       99%         5
 Airstrike                Air            0%         2d(0-16)  100%        4
 Anguish                  Hex/Necr       0%         N/A       100%        4
 Animate Dead             Necr           0%         N/A       100%        4
 Dispel Undead            Necr           0%         3d6       100%        4
 Flame Wave               Conj/Fire      0%         2d4       100%        4
 Fulminant Prism          Conj/Hex       0%         3d5       100%        4
 Ice Form                 Ice/Tmut       0%         N/A       100%        4
 Leda's Liquefaction      Hex/Erth       0%         N/A       100%        4
 Olgreb's Toxic Radiance  Pois           0%         N/A       100%        4
 Petrify                  Tmut/Erth      0%         N/A       100%        4
 Sticky Flame             Conj/Fire      0%         2d3       100%        4
 Agony                    Necr           0%         N/A       100%        5
 Alistair's Intoxication  Tmut/Pois      0%         N/A       100%        5
 Arcjolt                  Conj/Air       0%         1d10      100%        5
 Borgnjor's Vile Clutch   Necr/Erth      0%         N/A       100%        5
 Fireball                 Conj/Fire      0%         3d3       100%        5
 Freezing Cloud           Conj/Ice/Air   0%         6-21      100%        5
 Irradiate                Conj/Tmut      0%         3d11      100%        5
 Lee's Rapid Deconstruct  Erth           0%         3d4*      100%        5
 Metabolic Englaciation   Hex/Ice        0%         N/A       100%        5
 Silence                  Hex/Air        0%         N/A       100%        5
 Summon Mana Viper        Hex/Summ       2%         N/A       100%        5
 Yara's Violent Unravell  Hex/Tmut       0%         3d3       100%        5
 Death Channel            Necr           0%         N/A       100%        6
 Dispersal                Tloc           8%         N/A       100%        6
 Eringya's Noxious Bog    Tmut/Pois      0%         N/A       100%        6
 Plasma Beam              Fire/Air       0%         2x1d11    100%        6
 Simulacrum               Ice/Necr       0%         N/A       100%        6
 Starburst                Conj/Fire      0%         6d3       100%        6
 Statue Form              Tmut/Erth      0%         N/A       100%        6
 Summon Cactus Giant      Summ           2%         N/A       100%        6
 Enfeeble                 Hex            0%         N/A       100%        7
 Haunt                    Necr/Summ      1%         N/A       100%        7
 Monstrous Menagerie      Summ           2%         N/A       100%        7
 Storm Form               Tmut/Air       0%         N/A       100%        7
 Summon Hydra             Summ           2%         N/A       100%        7
 Borgnjor's Revivificati  Necr           0%         N/A       100%        8
 Discord                  Hex            0%         N/A       100%        8
 Disjunction              Tloc           8%         N/A       100%        8
 Ignition                 Fire           0%         3d3       100%        8
 Infestation              Necr           0%         N/A       100%        8
 Necromutation            Tmut/Necr      0%         N/A       100%        8
 Chain Lightning          Conj/Air       0%         N/A       100%        9
 Death's Door             Necr           0%         N/A       100%        9
 Fire Storm               Conj/Fire      0%         5d1       100%        9
 Polar Vortex             Ice            0%         N/A       100%        9
 Shatter                  Erth           0%         3d5*      100%        9


Dungeon Overview and Level Annotations

Branches:
Dungeon (15/15)            Temple (1/1) D:5            Lair (5/5) D:8
  Swamp (4/4) Lair:3       Spider (4/4) Lair:2        Slime (5/5) Lair:5
    Orc (2/2) D:12            Elf (3/3) Orc:2        Vaults (5/5) D:14
  Crypt (3/3) Vaults:3       Tomb (0/3) Crypt:3      Depths (4/4) D:15
    Zot (5/5) Depths:4     Bailey (visited)         Volcano (visited)
Gauntlet (visited)

Altars:
Ashenzari
Cheibriados
Dithmenos
Elyvilon
Fedhas
Gozag
Hepliaklqana
Kikubaaqudgha
Makhleb
Nemelex Xobeh
Okawaru
Qazlal
Ru
Sif Muna
Trog
Uskayaw
Vehumet
Wu Jian
Xom
Yredelemnul
Zin
The Shining One
Jiyva

Shops:
D:12 *   D:13 (*(((   D:15 (   Orc:2 *[:*   Elf:2 :   Elf:3 [   Vaults:2 (
Vaults:5 (   Depths:1 =   Depths:3 =:=

Portals:
Hell: Depths:1 Depths:2 Depths:3 Depths:4
Abyss: Depths:3
Pandemonium: Depths:2
Ziggurat: Depths:3

Annotations:
Zot:4 2 transporters, Xapeig's ghost, legendary GrAr
Abyss:1 Jorgrun


Innate Abilities, Weirdness & Mutations

You have a pair of horns on your head.
You reflexively headbutt those who attack you in melee.
You have sharp toenails.
You are partially covered in iridescent scales. (AC +2)
You are very clumsy. (Dex -4)
Your body often deteriorates upon taking damage.
Your magical capacity is low. (-10% MP)
You are somewhat resistant to further mutation.
You passively map the area around you.
You occasionally shout uncontrollably at your foes.
You are vulnerable to cold. (rC-)


Message History

(H) Hell (Z) Zot
Where to? (Enter - D:1, ? - help)
Your extra speed is starting to run out.
There is a stone staircase leading up here.
You feel yourself slow down.
You climb upwards.
There is a stone staircase leading down here.
There is a stone staircase leading up here.
You climb upwards.
There is a stone staircase leading down here.
You see here a +0 hand axe.
There is a stone staircase leading up here.
You climb upwards.
There is a stone staircase leading down here.
Items here: ( ) [ ÷.
You see here a +0 spear.
There is a stone staircase leading up here.
You see here a +0 flail.
You climb upwards.
You yell at the rakshasa!
A rakshasa comes into view. It is wielding a +0 whip.
There is a stone staircase leading down here.
You feel yourself speed up.
You slice the rakshasa like a ripe choko!!!
You kill the rakshasa!
No target in view!
(D) Dungeon (T) Temple (L) Lair (S) Swamp (N) Spider Nest (M) Slime Pits (O) Orcish Mines (E) Elven Halls (V) Vaults (C) Crypt (W) Tomb (U) Depths (H) Hell (Z) Zot
Where to? (Enter - D:1, ? - help)
Things that are here:
a +0 whip; a +0 robe
There is a stone staircase leading up here.
You climb upwards.
There is a stone staircase leading down here.
There is a staircase leading out of the dungeon here.
Okay, then.
You can't go down here!
You have escaped!

#.###.## #.# #.#.† #.# ##.##
#.# #.... #.#####.#######.#
###.. #.#.............# #..
#.#.#####....#### ##. ##.#.#
##...# ##########. #####....#
#...# #......#... .........#
#...# #......#### ###.#...##
#.@.# #...)..# # #.##.##
###..># ##'######## #.##.#
#.##'## ##.'...... ###)##.#
#.#'####### ###...### )...##.#
##.#.......# #...# ##..##.#
#..#>......# #...# #...##.#
#..######### #...# #.#.##.#
#..##(.....#######.#
..#..#.#####..................#


There were no monsters in sight!

Vanquished Creatures
  the Royal Jelly (Slime:5)
  3 dread liches
  8 orbs of fire
  3 ancient liches
  7 Killer Klowns
  Margery (Vaults:3)
  The ghost of Walofim the Warrior, an adept DrTm of Okawaru (Depths:1)
  The ghost of Onnujuk the Slayer, a veteran MiBe of Trog (Elf:2)
  5 curse toes
  Nikola (Depths:1)
  8 golden dragons
  A Tzitzimitl (Zot:4)
  3 doom hounds
  A shard shrike zombie (Crypt:1)
  2 electric golems (Zot:5)
  2 hellephants
  Rupert (D:13)
  20 tentacled monstrosities
  2 titans
  Mlioglotl (Spider:3)
  A walking earthen tome (Depths:3)
  7 liches
  Grunn (Zot:4)
  5 quicksilver dragons
  24 Orb Guardians
  A walking divine tome (Depths:3)
  A deep elf blademaster (Elf:3)
  2 deep elf master archers (Elf:3)
  7 sphinxes
  19 acid blobs
  An Executioner (D:6)
  5 death cobs
  Gastronok (Lair:2)
  8 ancient champions
  3 tentacled starspawn (Abyss:3)
  24 storm dragons
  3 thorn hunters
  Frances (D:13)
  5 tengu reavers
  3 revenants
  11 rockslimes
  7 draconian knights
  8 shadow dragons
  6 azure jellies
  7 deep elf sorcerers
  4 draconian monks
  3 fire giants
  9 emperor scorpions
  2 caustic shrike zombies
  9 vault wardens
  3 iron dragons
  4 deep elf elementalists
  4 ghost moths
  8 frost giants
  4 spectral caustic shrikes (Depths:3)
  5 draconian scorchers
  7 ghouls
  4 draconian stormcallers
  4 angels (Zot:3)
  2 spriggan defenders
  2 curse skulls
  5 draconian shifters
  4 draconian annihilators
  3 war gargoyles
  A quicksilver ooze (shapeshifter) (Depths:2)
  12 stone giants
  2 green draconians
  A reaper (Zot:5)
  4 orc warlords
  22 very ugly things
  11 ironbound thunderhulks
  13 quicksilver oozes
  13 ironbound preservers
  10 vampire knights
  2 putrid mouths (Zot:3)
  A lorocyproca (D:7)
  Nessos (D:15)
  6 deep elf demonologists
  2 eleionomae
  9 yellow draconians
  16 dire elephants
  13 purple draconians
  10 deep elf annihilators
  A dire elephant (shapeshifter) (Vaults:4)
  8 black draconians
  5 bunyips
  A spark wasp (shapeshifter) (Zot:3)
  13 red draconians
  11 white draconians
  3 minotaurs
  3 spark wasps
  10 eidola
  16 deep elf death magi
  A merfolk impaler (Depths:3)
  A mummy priest (Crypt:1)
  13 ettins
  2 blizzard demons (Depths:1)
  An acid blob zombie (Crypt:3)
  8 jiangshi
  Josephine (Lair:4)
  4 entropy weavers
  15 yaktaur captains
  2 rakshasas
  3 spriggan zombies (Crypt:2)
  13 fire dragons
  8 great orbs of eyes
  3 deep elf high priests
  25 hydras
  An ice dragon (shapeshifter) (Depths:3)
  9 spriggan air magi
  2 peacekeepers
  The ghost of greasedhog the Carver, a journeyman MfFi of Okawaru (D:10)
  8 ice dragons
  20 vault guards (Vaults:5)
  4 catoblepae
  4 ghost crabs
  4 radroaches
  13 centaur warriors
  2 ogre magi
  3 alligator snapping turtles
  3 death knights
  A spriggan skeleton (Crypt:3)
  A boulder beetle (D:13)
  6 ironbound frosthearts
  A satyr (Spider:3)
  22 dancing weapons
  A catoblepas (shapeshifter) (Vaults:5)
  7 two-headed ogres
  5 alligators
  A titan zombie (Crypt:2)
  An azure jelly zombie (Crypt:1)
  8 deep troll shamans
  14 vampire magi
  6 death yaks (Lair:5)
  5 spriggan berserkers
  7 orc high priests
  5 tengu warriors
  9 thrashing horrors (Abyss:3)
  9 deep troll earth magi
  A quicksilver ooze zombie (Crypt:3)
  3 shock serpents
  3 large abominations
  Nergalle (Orc:1)
  13 hell knights
  19 deep elf knights
  5 soul eaters
  A storm dragon zombie (Crypt:3)
  3 skysharks
  A fire crab (Spider:1)
  3 wretched stars (Abyss:3)
  19 skeletal warriors
  A pharaoh ant (Spider:1)
  2 sixfirhies
  15 iron trolls
  A sun moth (Spider:3)
  7 goliath frogs
  An anaconda zombie (Crypt:1)
  A spatial maelstrom (Abyss:3)
  2 orb spiders
  A cherub (Zot:2)
  A spriggan druid (Swamp:4)
  43 deep trolls
  A death drake (Swamp:4)
  6 flayed ghosts
  2 glowing orange brains
  15 ironbound convokers
  3 shadow demons
  9 wizards
  4 bog bodies
  7 phantasmal warriors
  10 harpies
  17 deep elf archers
  A spectral hydra (Lair:3)
  11 swamp dragons
  8 lindwurms
  6 steelbarb worms
  6 necromancers
  10 orc knights
  3 orc sorcerers
  25 starcursed masses (Abyss:3)
  16 deep elf zephyrmancers
  2 mana vipers
  A fire giant zombie (Crypt:3)
  An anaconda skeleton (Crypt:3)
  An oklob plant (Lair:1)
  33 ugly things
  3 human zombies
  3 will-o-the-wisps
  19 wolf spiders
  32 deep elf pyromancers
  A glowing shapeshifter (Vaults:5)
  4 manticores
  3 worldbinders (Abyss:3)
  5 cyclopes
  12 shining eyes
  4 salamanders
  8 elephants
  27 moths of wrath
  19 vault sentinels
  A toenail golem (Depths:3)
  A shock serpent zombie (Crypt:1)
  A guardian serpent (Spider:3)
  A sphinx skeleton (Crypt:3)
  A centaur zombie (Crypt:2)
  8 demonic crawlers
  9 black mambas
  3 water nymphs
  4 smoke demons (Abyss:3)
  A guardian serpent (shapeshifter) (Abyss:3)
  A cane toad (shapeshifter) (Vaults:5)
  6 torpor snails
  A storm dragon simulacrum (Crypt:3)
  3 gargoyles
  A catoblepas zombie (Crypt:2)
  An apocalypse crab (Abyss:3)
  7 cane toads
  5 eyes of devastation
  10 komodo dragons
  An unseen horror (D:11)
  An efreet (D:15)
  2 kobold demonologists (D:11)
  6 orange demons
  7 rime drakes
  A spark wasp simulacrum (Depths:1)
  6 tengu conjurers
  34 yaktaurs
  A redback zombie (Crypt:1)
  3 tormentors
  A golden dragon simulacrum (Vaults:4)
  2 catoblepas skeletons
  10 freezing wraiths
  An unseen horror skeleton (Crypt:1)
  2 ice devils (Depths:1)
  11 polar bears
  2 red devils (D:12)
  2 ancient zymes (Abyss:3)
  3 harpy zombies
  A pale draconian skeleton (Crypt:2)
  A white draconian skeleton (Crypt:3)
  9 trolls
  7 tyrant leeches
  5 guardian mummies
  2 hellwings (Depths:2)
  2 meliai
  17 tarantellas
  3 wind drakes
  A hornet (shapeshifter) (D:14)
  3 harpy skeletons (Crypt:3)
  7 hornets
  A shadow dragon simulacrum (Vaults:4)
  13 dream sheep
  17 blink frogs
  A tarantella zombie (Crypt:3)
  A fire dragon zombie (Crypt:1)
  An ettin zombie (Crypt:2)
  4 raiju
  34 jumping spiders
  A snapping turtle (shapeshifter) (D:15)
  2 stone giant simulacra (Depths:1)
  A spectral black mamba (Lair:3)
  110 slime creatures
  A slime creature (shapeshifter) (Abyss:3)
  Sigmund (D:3)
  6 water elementals
  6 flying skulls
  A ynoxinul (Abyss:3)
  26 culicivoras
  8 wyverns
  12 spriggans
  2 air elementals (Elf:1)
  3 fire bats (Volcano)
  4 vampires
  14 wraiths
  5 hogs
  59 redbacks
  32 yaks
  5 basilisks
  9 golden eyes
  10 vampire mosquitoes
  A black mamba skeleton (Crypt:1)
  A fire elemental (Elf:2)
  4 chaos spawn
  10 swamp worms
  12 wargs
  4 neqoxecs (Abyss:3)
  4 spatial vortices (Abyss:3)
  A two-headed ogre zombie (Crypt:2)
  15 hell hounds
  An acid dragon (shapeshifter) (Spider:3)
  17 water moccasins
  A glowing shapeshifter zombie (Vaults:4)
  A floating eye (Swamp:4)
  36 orc warriors
  15 black bears
  5 ice beasts
  3 sky beasts
  9 swamp drakes (Swamp:4)
  An ettin simulacrum (Depths:1)
  2 spriggan simulacra (Depths:1)
  A hornet zombie (Crypt:1)
  28 wolves
  9 ogres
  A boggart (Vaults:2)
  13 centaurs
  2 phantoms
  8 kobold brigands
  11 small abominations (Abyss:3)
  9 bullfrogs
  A rime drake skeleton (Crypt:1)
  2 scorpions (D:5)
  2 earth elementals
  4 necrophages
  3 gnoll sergeants
  2 human skeletons
  A glowing shapeshifter simulacrum (Depths:1)
  16 wights
  A yak zombie (Crypt:3)
  A polar bear skeleton (Crypt:2)
  4 electric eels
  5 howler monkeys
  7 vampire bats
  4 wolf zombies (Bailey)
  A crimson imp (Abyss:3)
  7 jellies
  Crazy Yiuf (D:2)
  41 orc priests
  4 hounds
  A boggart zombie (Crypt:2)
  A gnoll bouda (D:7)
  An iron imp (Abyss:3)
  3 sleepcaps
  Natasha (D:3)
  34 orc wizards
  Ijyb (D:5)
  4 iguanas
  A hound zombie (Crypt:2)
  Robin (D:2)
  12 adders
  15 gnolls
  3 white imps
  5 ufetubi
  3 worms
  4 dart slugs
  125 orcs
  8 ball pythons
  6 endoplasms
  3 giant cockroaches
  18 goblins
  7 hobgoblins
  5 jackals
  28 kobolds
  4 quokkas
  A ball python skeleton (Crypt:2)
  A ball python zombie (Crypt:2)
  16 bats
  A frilled lizard (D:2)
  24 orc zombies (Bailey)
  7 rats
  3 briar patches (Swamp:4)
  A bush (Lair:1)
  2 butterflies (Zot:3)
  2 pillars of salt (Zot:3)
2600 creatures vanquished.

Vanquished Creatures (collateral kills)
  A tentacled monstrosity (Vaults:5)
  An acid blob (Slime:5)
  Kirke (D:13)
  A frost giant (Vaults:5)
  3 quicksilver oozes (Slime:5)
  An ironbound preserver (Vaults:5)
  A war gargoyle (Vaults:5)
  A stone giant (Depths:3)
  An eleionoma (Swamp:3)
  A dire elephant (Vaults:4)
  A deep elf death mage (Elf:1)
  An ettin (Vaults:5)
  A yaktaur captain (Vaults:5)
  4 vault guards (Vaults:5)
  A hydra (Swamp:3)
  A ghost crab (Swamp:3)
  A radroach (Spider:4)
  A boulder beetle (Spider:3)
  2 alligators (Swamp:3)
  A spriggan berserker (Depths:3)
  A spriggan druid (Swamp:3)
  A goliath frog (Swamp:3)
  A pharaoh ant (Spider:3)
  An orc knight (Orc:2)
  A bog body (Swamp:3)
  2 ironbound convokers (Vaults:5)
  An orc sorcerer (Orc:2)
  A wolf spider (Spider:4)
  An ugly thing (D:11)
  4 hornets (Swamp:3)
  A meliai (Spider:3)
  2 trolls (Orc:2)
  A tyrant leech (Swamp:3)
  2 tarantellas (Spider:3)
  A jumping spider (Spider:4)
  4 spriggans
  2 redbacks
  2 swamp worms (Swamp:3)
  3 orc warriors (Orc:2)
  A scorpion (shapeshifter) (Spider:3)
  2 orc priests (Orc:2)
  6 orc wizards
  13 orcs
80 creatures vanquished.

Vanquished Creatures (others)
  A fire giant (Depths:2)
  A vault warden (Vaults:2)
  A fire dragon (Depths:2)
  2 alligators (Swamp:1)
  A deep elf knight (Elf:2)
  A bog body (Swamp:1)
  A bloated husk (Swamp:1)
  A centaur (Volcano)
  12 bushes (Depths:1)
  A butterfly (Depths:1)
  A demonic plant (Gauntlet)
  10 foxfires
  14 fungi
  5 pillars of salt (Zot:3)
  63 plants
  5 starspawn tentacles (Abyss:3)
120 creatures vanquished.

Grand Total: 2800 creatures vanquished

Notes
Turn   | Place    | Note
-------+----------+-------------------------------------------
     0 | D:1      | LobsterGuardian the Minotaur Chaos Knight began the quest
                  | for the Orb.
     0 | D:1      | Reached XP level 1. HP: 19/19 MP: 0/0
    62 | D:1      | XOM: potion effect (brilliance)
    70 | D:1      | XOM: potion effect (curing)
    76 | D:1      | Reached XP level 2. HP: 7/26 MP: 1/1
   145 | D:1      | XOM: silly message
   335 | D:1      | Reached skill level 5 in Long Blades
   433 | D:1      | Reached XP level 3. HP: 31/31 MP: 2/2
   442 | D:1      | Found a faded altar of an unknown god.
   841 | D:2      | XOM: 1-stop teleportation journey
   953 | D:2      | Noticed Robin
   960 | D:2      | Reached XP level 4. HP: 36/39 MP: 3/3
   967 | D:2      | Killed Robin
  1329 | D:2      | XOM: scenery: create altars
  1366 | D:2      | Found a runed translucent door.
  1379 | D:2      | Noticed Crazy Yiuf
  1402 | D:2      | XOM: give mutations
  1402 | D:2      | Gained mutation: Your system is resistant to poisons.
                  | (rPois) [Xom's mischief]
  1402 | D:2      | Gained mutation: You occasionally lose the ability to read
                  | scrolls when taking damage. [Xom's mischief]
  1402 | D:2      | Gained mutation: Your natural rate of healing is unusually
                  | fast. [Xom's mischief]
  1402 | D:2      | Gained mutation: Your movements are slightly less
                  | encumbered by armour. (ER -2) [Xom's mischief]
  1437 | D:2      | Reached XP level 5. HP: 46/46 MP: 4/4
  1508 | D:2      | Found a shadowy altar of Dithmenos.
  1586 | D:2      | XOM: summons 3 hostile demons
  1644 | D:3      | XOM: god gift: scroll labelled TAWAGA RAPO {god gift}
  1654 | D:3      | Noticed Natasha
  1660 | D:3      | Killed Natasha
  1761 | D:3      | Found an ancient bone altar of Kikubaaqudgha.
  1893 | D:3      | Noticed Sigmund
  1968 | D:3      | Killed Sigmund
  1969 | D:3      | Reached XP level 6. HP: 52/52 MP: 5/5
  2445 | D:4      | XOM: divination: detect items
  2514 | D:4      | Reached skill level 5 in Fighting
  2514 | D:4      | Reached XP level 7. HP: 44/61 MP: 6/6
  2535 | D:4      | Found a sparkling altar of Nemelex Xobeh.
  2539 | D:4      | Fell from the grace of Xom
  2539 | D:4      | Became a worshipper of Nemelex Xobeh the Trickster
  2764 | D:4      | Found a burning altar of Makhleb.
  2954 | D:4      | Lost mutation: You occasionally lose the ability to read
                  | scrolls when taking damage. [potion of mutation]
  2954 | D:4      | Lost mutation: Your movements are slightly less encumbered
                  | by armour. (ER -2) [potion of mutation]
  2954 | D:4      | Lost mutation: Your system is resistant to poisons. (rPois)
                  | [potion of mutation]
  2954 | D:4      | Gained mutation: You have sharp toenails. [potion of
                  | mutation]
  2954 | D:4      | Gained mutation: Your mind is acute. (Int +4, Str/Dex -1)
                  | [potion of mutation]
  2954 | D:4      | XOM: stat loss: -1 Str (15/16)
  3007 | D:5      | Entered Level 5 of the Dungeon
  3028 | D:5      | Reached skill level 1 in Invocations
  3120 | D:5      | Found a glowing silver altar of Zin.
  3167 | D:5      | Reached XP level 8. HP: 45/71 MP: 8/8
  3510 | D:5      | XOM: give mutations
  3510 | D:5      | Gained mutation: Your magical capacity is low. (-10% MP)
                  | [Xom's mischief]
  3510 | D:5      | Gained mutation: You have hidden genetic potential. [Xom's
                  | mischief]
  3510 | D:5      | Gained mutation: You are weak. (Str -2) [Xom's mischief]
  3510 | D:5      | Gained mutation: You are partially covered in iridescent
                  | scales. (AC +2) [Xom's mischief]
  3525 | D:5      | Found a staircase to the Ecumenical Temple.
  3555 | Temple   | Entered the Ecumenical Temple
  3799 | D:5      | Noticed Ijyb
  3815 | D:5      | Killed Ijyb
  3874 | D:5      | XOM: stat loss: -3 Int (10/13)
  3936 | D:5      | Reached skill level 10 in Long Blades
  4256 | D:6      | Reached XP level 9. HP: 76/77 MP: 9/9
  4340 | D:6      | Reached skill level 5 in Dodging
  4358 | D:6      | Gained mutation: Your system is resistant to poisons.
                  | (rPois) [hidden potential]
  4368 | D:6      | Reached * piety under Nemelex Xobeh
  4650 | D:6      | Found a bloodstained altar of Trog.
  4734 | D:6      | XOM: summons 4 hostile demons
  4917 | D:7      | Found a stormy altar of Qazlal.
  5014 | D:7      | Found a blossoming altar of Fedhas.
  5057 | D:7      | Found a glowing golden altar of the Shining One.
  5073 | D:7      | Received a gift from Nemelex Xobeh
  5355 | D:7      | Reached ** piety under Nemelex Xobeh
  5519 | D:7      | XOM: swap monsters
  5618 | D:7      | XOM: divination: detect items
  5815 | D:7      | Noticed a deep elf pyromancer
  5816 | D:7      | Noticed a troll
  5821 | D:7      | Killed a deep elf pyromancer
  5822 | D:7      | Reached XP level 10. HP: 74/92 MP: 11/11
  5867 | D:7      | XOM: draining
  5912 | D:7      | Gained mutation: You passively map a small area around you.
                  | [hidden potential]
  5912 | D:7      | Lost mutation: You have hidden genetic potential. [hidden
                  | potential expressed]
  5928 | D:7      | Reached skill level 10 in Fighting
  5959 | D:7      | Reached skill level 5 in Armour
  5965 | D:7      | Reached skill level 5 in Invocations
  6131 | D:8      | Received a gift from Nemelex Xobeh
  6313 | D:8      | Found a staircase to the Lair.
  6367 | D:8      | XOM: chaos upgrade
  6459 | D:8      | Found a white marble altar of Elyvilon.
  6712 | D:8      | Reached *** piety under Nemelex Xobeh
  6831 | D:8      | Noticed Joseph
  6834 | D:8      | Joseph changed into Joseph the hog
  6834 | D:8      | Noticed Joseph
  6843 | D:8      | Killed Joseph the hog
  7195 | D:9      | XOM: noise
  7200 | D:9      | Noticed a two-headed ogre
  7202 | D:9      | Found a flagged portal.
  7215 | D:8      | Killed a two-headed ogre
  7266 | Bailey   | Entered a bailey
  7383 | Bailey   | Noticed a gargoyle
  7391 | Bailey   | Killed a gargoyle
  7538 | Bailey   | Reached skill level 1 in Shields
  7602 | Bailey   | Reached XP level 11. HP: 92/101 MP: 12/12
  7786 | D:9      | Noticed a two-headed ogre
  7796 | D:9      | Killed a two-headed ogre
  7819 | D:9      | XOM: 4-stop teleportation journey
  7881 | D:9      | Found a hazy altar of Hepliaklqana.
  7966 | D:9      | Received a gift from Nemelex Xobeh
  8026 | D:9      | Noticed a three-headed hydra
  8033 | D:9      | Killed a one-headed hydra
  8274 | D:10     | Entered Level 10 of the Dungeon
  8348 | D:10     | Noticed a two-headed ogre
  8358 | D:10     | Killed a two-headed ogre
  8525 | D:10     | Found a radiant altar of Vehumet.
  8602 | D:10     | Identified the +0 scale mail "Quconink" {rC+ Str+2 Dex-5}
  8792 | D:10     | Found a runed translucent door.
  8792 | D:10     | Noticed greasedhog's ghost (journeyman MfFi)
  9059 | D:10     | Found a sacrificial altar of Ru.
  9294 | D:11     | XOM: confusion (+ monsters)
  9353 | D:11     | Noticed a cyan ugly thing
  9366 | D:11     | Identified a scroll of acquirement
  9366 | D:11     | Acquired a ring of see invisible
  9370 | D:11     | Noticed a purple ugly thing
  9373 | D:11     | Killed a cyan ugly thing
  9381 | D:11     | Killed a purple ugly thing
  9485 | D:11     | Received a gift from Nemelex Xobeh
  9760 | D:11     | Noticed a two-headed ogre
  9770 | D:11     | Killed a two-headed ogre
 10090 | D:11     | Noticed a sixfirhy
 10269 | D:12     | Found Secoydecs's General Store.
 10327 | D:12     | Reached XP level 12. HP: 80/115 MP: 13/13
 10523 | D:12     | Found a staircase to the Orcish Mines.
 10588 | D:12     | Noticed Jorgrun
 10603 | D:12     | Jorgrun changed into Jorgrun the azure jelly
 10603 | D:12     | Noticed Jorgrun
 10609 | D:12     | Banished Jorgrun the azure jelly
 10699 | D:12     | Reached **** piety under Nemelex Xobeh
 10837 | D:12     | Received a gift from Nemelex Xobeh
 10883 | D:12     | XOM: silly message
 10901 | D:12     | XOM: silly message
 10916 | D:12     | Found a portal to a secret trove of treasure.
 10976 | D:12     | XOM: silly message
 11164 | D:13     | Reached skill level 10 in Armour
 11180 | D:13     | Noticed a centaur warrior
 11191 | D:13     | Killed a centaur warrior
 11282 | Lair:1   | XOM: noise
 11282 | Lair:1   | Entered Level 1 of the Lair of Beasts
 11366 | Lair:1   | Reached skill level 15 in Fighting
 11485 | Lair:1   | Identified the ring "Uvvut" {rC+ rCorr}
 11572 | Lair:1   | Received a gift from Nemelex Xobeh
 11797 | Lair:1   | Found a dark tunnel.
 11849 | Volcano  | Entered a volcano
 11862 | Volcano  | Received a gift from Nemelex Xobeh
 12021 | Volcano  | XOM: noise
 12021 | Volcano  | Was forgiven by Xom
 12055 | Volcano  | Noticed a hell hog
 12055 | Volcano  | Noticed a two-headed ogre
 12247 | D:12     | You paid a toll of +2 fire dragon scales to enter a
                  | treasure trove
 12248 | Trove    | Entered a treasure trove
 12253 | Trove    | Identified the +1 pair of boots of the Jabberwock {rN++
                  | Dex+3}
 12257 | Trove    | Identified the scarf of Tulips {harm, Dex+4}
 12263 | Trove    | Identified the -2 buckler of Insurance {rElec SInv}
 12264 | Trove    | Identified the +2 kite shield of Recklessness {Slay+5}
 12273 | Trove    | Identified the +3 ring mail "Calirgh" {Dex+3 Stlth+}
 12275 | Trove    | Identified the +2 chain mail of Suuth {Rampage}
 12280 | Trove    | Identified the +1 robe of Udghuhut {Harm rF- Will++ Int+3}
 12281 | Trove    | Identified the +1 pair of gloves "Exzadgh" {Harm Int+2}
 12485 | D:13     | Noticed a centaur warrior
 12486 | D:13     | Noticed a boulder beetle
 12500 | D:13     | Killed a centaur warrior
 12718 | Lair:1   | Reached XP level 13. HP: 107/128 MP: 14/14
 13045 | Lair:2   | Noticed Gastronok
 13066 | Lair:2   | Killed Gastronok
 13275 | Lair:2   | Reached skill level 10 in Dodging
 13396 | Lair:2   | Found a hole to the Spider Nest.
 13396 | Lair:2   | Received a gift from Nemelex Xobeh
 13420 | Lair:2   | Reached ***** piety under Nemelex Xobeh
 13527 | Lair:2   | Received a gift from Nemelex Xobeh
 14035 | Lair:3   | Found a staircase to the Swamp.
 14659 | Lair:4   | Found a gate leading to a gauntlet.
 14669 | Gauntlet | Entered a Gauntlet
 14669 | Gauntlet | Found a transporter.
 14678 | Gauntlet | Found a transporter.
 14694 | Gauntlet | Found a transporter.
 14699 | Gauntlet | Found a transporter.
 14710 | Gauntlet | Found a transporter.
 14727 | Gauntlet | Found a runed translucent gate.
 14728 | Gauntlet | Found a transporter.
 14728 | Gauntlet | Found a runed translucent gate.
 14731 | Gauntlet | Found a transporter.
 14735 | Gauntlet | Found a transporter.
 14739 | Gauntlet | Found a runed translucent gate.
 14755 | Gauntlet | Found a transporter.
 14780 | Gauntlet | Found a transporter.
 14782 | Gauntlet | Found a transporter.
 14784 | Gauntlet | Received a gift from Nemelex Xobeh
 14791 | Gauntlet | Noticed a green death
 14793 | Gauntlet | Found a transporter.
 14982 | Gauntlet | Identified the +0 helmet "Atol" {rPois Int-3 SInv Stlth+}
 15048 | Gauntlet | Noticed a minotaur
 15053 | Gauntlet | Killed a minotaur
 15059 | Gauntlet | Identified the staff of conjuration "Ision" {Contam rF+
                  | rC+}
 15060 | Gauntlet | Got the Atlas of Vapourous Attacks
 15387 | Lair:4   | Received a gift from Nemelex Xobeh
 15452 | Lair:4   | Reached XP level 14. HP: 140/140 MP: 16/16
 15488 | Lair:4   | Noticed Josephine
 15496 | Lair:4   | Killed Josephine
 15890 | Lair:5   | Entered Level 5 of the Lair of Beasts
 16111 | Lair:5   | Received a gift from Nemelex Xobeh
 16571 | Lair:5   | Received a gift from Nemelex Xobeh
 16578 | Lair:5   | Found a staircase to the Slime Pits.
 16579 | Lair:5   | Found a viscous altar of Jiyva.
 16949 | Lair:5   | Identified the +5 chain mail "Duiptih" {-Tele rPois rF+++
                  | Slay-3}
 17241 | Orc:1    | Entered Level 1 of the Orcish Mines
 17245 | Orc:1    | Noticed Nergalle
 17260 | Orc:1    | Killed Nergalle
 17268 | Orc:1    | You fall into a shaft and drop 1 floor!
 17268 | Orc:2    | Entered Level 2 of the Orcish Mines
 17273 | Orc:2    | Found Vyatz's Book Boutique.
 17273 | Orc:2    | Found Quliteis's Assorted Antiques.
 17273 | Orc:2    | Found Fangikhlo's Antique Armour Shop.
 17298 | Orc:2    | Reached XP level 15. HP: 88/151 MP: 9/18
 17301 | Orc:2    | Found Wadghoka's Assorted Antiques.
 17429 | Orc:2    | Bought a manual of Armour for 960 gold pieces
 17430 | Orc:2    | Bought a pitted brass ring for 100 gold pieces
 17430 | Orc:2    | Identified the ring of the Briny Deep {rN+ Str+3} (You
                  | bought it in a shop on level 2 of the Orcish Mines)
 17433 | Orc:2    | Bought a polished scale mail for 189 gold pieces
 17433 | Orc:2    | Identified the +7 scale mail of the Other Side {+Blink rF+}
                  | (You bought it in a shop on level 2 of the Orcish Mines)
 17532 | Orc:2    | Received a gift from Nemelex Xobeh
 17595 | Orc:2    | Found a staircase to the Elven Halls.
 17640 | Orc:1    | Found a burning altar of Makhleb.
 17689 | Orc:1    | Received a gift from Nemelex Xobeh
 18174 | Orc:2    | Received a gift from Nemelex Xobeh
 18436 | D:13     | Noticed Rupert
 18443 | D:13     | Killed Rupert
 18444 | D:13     | Reached skill level 5 in Shields
 18514 | D:13     | Found Wif Aleh's Antique Weapon Boutique.
 18695 | D:13     | Noticed Frances
 18702 | D:13     | Killed Frances
 18818 | D:13     | Found Pacelo's Weapon Emporium.
 18880 | D:13     | Found Pewexetuvo's Weapon Emporium.
 18912 | D:13     | Reached ****** piety under Nemelex Xobeh
 18915 | D:13     | Found Maugasiul's Weapon Shoppe.
 18929 | D:13     | Found Ushru's General Store.
 18956 | D:13     | Noticed Kirke
 18987 | D:13     | Killed Kirke
 19263 | D:13     | Received a gift from Nemelex Xobeh
 19432 | D:14     | Identified the +0 leather armour of the Dungeon {Harm rF+}
 19570 | D:14     | Found a shimmering blue altar of Sif Muna.
 19601 | D:14     | Received a gift from Nemelex Xobeh
 19972 | D:14     | Found a gate to the Vaults.
 20131 | D:15     | Entered Level 15 of the Dungeon
 20208 | D:15     | Identified the +4 dagger of Crystal {freeze, *Rage Will+++
                  | Int+3}
 20215 | D:15     | Received a gift from Nemelex Xobeh
 20293 | D:15     | Reached skill level 10 in Invocations
 20294 | D:15     | Noticed Nessos
 20303 | D:15     | Killed Nessos
 20460 | D:15     | Found Licosiso's Weapon Boutique.
 20723 | D:15     | Found a staircase to the Depths.
 20974 | Spider:1 | Entered Level 1 of the Spider Nest
 21012 | Lair:2   | Reached XP level 16. HP: 111/162 MP: 20/20
 21183 | Spider:1 | Reached skill level 15 in Armour
 21258 | Spider:1 | Received a gift from Nemelex Xobeh
 21854 | Spider:1 | Reached skill level 10 in Shields
 22274 | Spider:2 | Received a gift from Nemelex Xobeh
 22820 | Spider:3 | Noticed Mlioglotl
 22829 | Spider:3 | Killed Mlioglotl
 22884 | Spider:3 | Noticed Arachne
 22890 | Spider:3 | Arachne changed into Arachne the quicksilver dragon
 22890 | Spider:3 | Noticed Arachne
 22899 | Spider:3 | Killed Arachne the quicksilver dragon
 23117 | Spider:3 | Reached XP level 17. HP: 173/173 MP: 21/21
 23220 | Spider:3 | Received a gift from Nemelex Xobeh
 23378 | Spider:3 | Acquired the amulet of the Ten Scars {Faith Rampage rF-
                  | SInv}
 23435 | Spider:4 | Entered Level 4 of the Spider Nest
 23738 | Spider:4 | Reached skill level 15 in Dodging
 23739 | Spider:4 | Got a gossamer rune of Zot
 23893 | Spider:4 | Received a gift from Nemelex Xobeh
 24042 | Spider:4 | Reached skill level 15 in Shields
 24192 | Swamp:1  | Entered Level 1 of the Swamp
 24967 | Swamp:2  | Received a gift from Nemelex Xobeh
 24976 | Swamp:2  | Identified the +0 ring mail of Privacy {Will+ Int+4 Stlth-}
 24985 | Swamp:2  | Upgraded the game from 0.30-a0-1163-gf69bf04e7a to
                  | 0.30-a0-1164-ge08a67761e
 25213 | Swamp:2  | Received a gift from Nemelex Xobeh
 25360 | Swamp:3  | Paralysed by a great orb of eyes for 5 turns
 25418 | Swamp:3  | Identified the -1 trident "Fiuz" {flame, Dex+5}
 25772 | Swamp:3  | Received a gift from Nemelex Xobeh
 25852 | Swamp:3  | Received a gift from Nemelex Xobeh
 26036 | Swamp:4  | Entered Level 4 of the Swamp
 26379 | Elf:1    | Entered Level 1 of the Elven Halls
 26396 | Elf:1    | Reached XP level 18. HP: 149/184 MP: 22/22
 26474 | Abyss:3  | Cast into level 3 of the Abyss (a deep elf demonologist)
 26604 | Abyss:3  | Found a corrupted altar of Lugonu.
 26760 | Abyss:3  | Noticed a hellephant
 26778 | Abyss:3  | Killed a hellephant
 26781 | Abyss:3  | Paralysed by accursed screaming for 1 turns
 26981 | Elf:1    | Escaped the Abyss
 27275 | Elf:1    | Received a gift from Nemelex Xobeh
 27702 | Elf:1    | Received a gift from Nemelex Xobeh
 27703 | Elf:1    | Paralysed by an air elemental for 1 turns
 27715 | Elf:1    | Paralysed by an air elemental for 1 turns
 28195 | Elf:2    | Found Qylij's Book Shop.
 28215 | Elf:2    | Found a runed translucent door.
 28421 | Elf:2    | Received a gift from Nemelex Xobeh
 28463 | Elf:2    | Noticed Onnujuk's ghost (veteran MiBe)
 28623 | Elf:2    | Found a huge runed translucent gate.
 28623 | Elf:2    | Found a huge runed translucent gate.
 28623 | Elf:2    | Found a huge runed translucent gate.
 28624 | Elf:2    | Found a huge runed translucent gate.
 28627 | Elf:2    | Found a huge runed translucent gate.
 29100 | Spider:4 | Received a gift from Nemelex Xobeh
 29594 | Vaults:1 | Entered Level 1 of the Vaults
 29611 | Vaults:1 | Reached XP level 19. HP: 194/195 MP: 22/22
 30338 | Swamp:4  | Received a gift from Nemelex Xobeh
 30766 | Swamp:4  | Got a decaying rune of Zot
 30792 | Swamp:4  | Identified the +3 ring mail "Iraopokk" {rN+ Str+3}
 30911 | Swamp:4  | Received a gift from Nemelex Xobeh
 31443 | Vaults:1 | Received a gift from Nemelex Xobeh
 32032 | Vaults:1 | Received a gift from Nemelex Xobeh
 32585 | Vaults:2 | Received a gift from Nemelex Xobeh
 32900 | Vaults:2 | Identified the +2 mace of Pyromania {heavy, rF+ rN++ rCorr
                  | Str-2}
 32916 | Vaults:2 | Reached XP level 20. HP: 178/209 MP: 14/23
 33031 | Vaults:2 | Identified the staff of air "Cuen" {rElec rC- Int+7 Dex+2
                  | Stlth-}
 33032 | Vaults:2 | Identified the +6 whip of Xom {freeze, rF+ Dex+8}
 33545 | D:2      | Killed Crazy Yiuf
 33776 | D:10     | Killed greasedhog's ghost
 34224 | Vaults:2 | Found Qecrethry's Weapon Shop.
 34446 | Vaults:3 | Noticed Margery
 34696 | Vaults:3 | Killed Margery
 34780 | Vaults:3 | Received a gift from Nemelex Xobeh
 34813 | Vaults:3 | Found a staircase to the Crypt.
 34943 | Vaults:3 | Received a gift from Nemelex Xobeh
 35180 | Vaults:3 | Received a gift from Nemelex Xobeh
 35181 | Vaults:3 | Found the +3 pair of seven-league boots {Rampage+∞}
 35190 | Vaults:3 | Got the Octavo of Fetid Malediction
 36052 | Vaults:4 | Received a gift from Nemelex Xobeh
 36536 | Vaults:4 | Acquired a manual of Translocations
 36735 | Vaults:4 | Received a gift from Nemelex Xobeh
 37259 | Vaults:5 | Entered Level 5 of the Vaults
 37265 | Vaults:5 | Reached XP level 21. HP: 216/222 MP: 15/24
 37356 | Vaults:5 | Noticed a golden dragon
 37420 | Vaults:5 | Reached skill level 27 in Fighting
 37428 | Vaults:5 | a golden dragon changed into a rockslime
 37796 | Vaults:5 | Identified the +3 rapier of Deformation {holy, Dex+5}
 37959 | Vaults:5 | Identified the amulet "Vamypt" {Spirit *Corrode rElec
                  | Dex+2}
 38407 | Depths:1 | Entered Level 1 of the Depths
 38423 | Depths:1 | Found a runed translucent gate.
 38425 | Depths:1 | Found a runed translucent gate.
 38486 | Depths:1 | Found an opulent altar of Gozag.
 38663 | Depths:1 | Noticed Nikola
 38664 | Depths:1 | Received a gift from Nemelex Xobeh
 38673 | Depths:1 | Killed Nikola
 38770 | Depths:1 | Found a runed translucent gate.
 38804 | Depths:1 | Noticed Walofim's ghost (adept DrTm)
 38807 | Depths:1 | Identified the ring "Calijy" {Fire +Blink}
 38957 | Depths:1 | Found Soptopp's Jewellery Shoppe.
 38962 | Depths:1 | Bought an amulet of the acrobat for 660 gold pieces
 38963 | Depths:1 | Acquired the +3 tower shield of Zukkaidi {rPois Regen+}
 39237 | Depths:1 | Found a white marble altar of Elyvilon.
 39316 | Depths:1 | Found a gateway to Hell.
 39434 | Depths:1 | Bought the ring of Fatigue {Str+6 Dex+2} for 1038 gold
                  | pieces
 39695 | Depths:2 | Found a one-way gate leading to the halls of Pandemonium.
 39752 | Depths:2 | Received a gift from Nemelex Xobeh
 39895 | Depths:2 | Found a shimmering blue altar of Sif Muna.
 39944 | Depths:2 | Got Sif Muna's Book of Conjuration and the Entourage
 39973 | Depths:2 | Got the Verses on Transposed Mortification
 40018 | Depths:2 | Noticed an ancient lich
 40019 | Depths:2 | Noticed a dread lich
 40611 | Vaults:4 | Reached XP level 22. HP: 173/233 MP: 25/25
 40704 | Vaults:5 | Reached skill level 15 in Long Blades
 40833 | Vaults:5 | Identified the +8 long sword "Jubros" {spect, rElec Str+6
                  | Dex-3}
 40839 | Vaults:5 | Got the Elucidation of Heavy Haze
 40848 | Vaults:5 | Identified the staff of fire "Setorail" {rF+ Will+}
 41319 | Vaults:5 | Found Hiqedeed's Antique Weapon Shop.
 41357 | Vaults:5 | Got the Papyrus of Saltpetre
 41423 | Vaults:5 | Received a gift from Nemelex Xobeh
 41692 | Vaults:5 | Found the +8 Vampire's Tooth {megavamp}
 41717 | Vaults:5 | Identified the +0 chain mail "Roason" {rF+ rN+ Str-2}
 41863 | Vaults:5 | Found the +8 trishula "Condemnation" {holy, anguish, *Noise
                  | Fly rN+}
 41871 | Vaults:5 | Got a silver rune of Zot
 42819 | Slime:1  | Entered Level 1 of the Pits of Slime
 42882 | Slime:1  | Gained mutation: You are frail. (-10% HP) [a shining eye]
 43293 | Slime:1  | Received a gift from Nemelex Xobeh
 43431 | Slime:1  | Gained mutation: You are vulnerable to heat. (rF-) [a
                  | shining eye]
 43434 | Slime:1  | Gained mutation: You occasionally lose the ability to read
                  | scrolls when taking damage. [a shining eye]
 43435 | Slime:1  | Gained mutation: Armour fits poorly on your strangely
                  | shaped body. [a shining eye]
 44088 | Slime:4  | Received a gift from Nemelex Xobeh
 45511 | Spider:3 | Lost mutation: You are vulnerable to heat. (rF-) [potion of
                  | mutation]
 45511 | Spider:3 | Lost mutation: Your system is resistant to poisons. (rPois)
                  | [potion of mutation]
 45511 | Spider:3 | Lost mutation: Armour fits poorly on your strangely shaped
                  | body. [potion of mutation]
 45511 | Spider:3 | Lost mutation: Your mind is acute. (Int +4, Str/Dex -1)
                  | [potion of mutation]
 45511 | Spider:3 | Gained mutation: You passively map the area around you.
                  | [potion of mutation]
 45512 | Spider:3 | Lost mutation: Your natural rate of healing is unusually
                  | fast. [potion of mutation]
 45512 | Spider:3 | Lost mutation: You are frail. (-10% HP) [potion of
                  | mutation]
 45512 | Spider:3 | Lost mutation: You occasionally lose the ability to read
                  | scrolls when taking damage. [potion of mutation]
 45512 | Spider:3 | Gained mutation: You are somewhat resistant to further
                  | mutation. [potion of mutation]
 45850 | Elf:2    | Killed Onnujuk's ghost
 46150 | Elf:2    | Received a gift from Nemelex Xobeh
 46421 | Elf:3    | Entered Level 3 of the Elven Halls
 46497 | Elf:3    | Found Ucraweti's Armour Shoppe.
 46677 | Elf:3    | Received a gift from Nemelex Xobeh
 46962 | Elf:3    | Identified the +6 trident of Termination {flame, rC+ rN+
                  | Int-3}
 46969 | Elf:3    | Identified the +0 acid dragon scales "Duschasku" {rCorr
                  | SInv}
 46987 | Elf:3    | Identified the +4 falchion "Tiulot" {drain, rF+ rN+++
                  | Str+4}
 46987 | Elf:3    | Identified the ring "Estestrac" {rF+ Will+}
 46989 | Elf:3    | Identified the +9 scimitar "Beetleslayer" {freeze, rElec
                  | Str+4 Dex+6}
 47098 | Elf:1    | Found a shimmering blue altar of Sif Muna.
 47188 | Elf:3    | Identified the +4 war axe of False Accusations {heavy,
                  | *Corrode rElec rF+ Int+3}
 47254 | Elf:3    | Identified the +4 flail of Recklessness {speed, rF+ rCorr
                  | Stlth+}
 47353 | Elf:3    | Identified the staff of earth "Cijeff" {+Blink rN+ Str+2
                  | SInv}
 47358 | Elf:3    | Identified the +4 war axe of Zibaojeo {heavy, rPois rF+
                  | Int+3 SInv}
 47386 | Elf:3    | Identified the staff of fire "Vipret" {rF+ rN+}
 47542 | Elf:3    | Identified the +1 hand crossbow of Gallantry {flame, Dex+4}
 47574 | Elf:3    | Got Motwyss's Vellum of Horrible Talus
 48175 | Depths:2 | Reached XP level 23. HP: 225/239 MP: 26/26
 48384 | Depths:2 | Found a broken altar of Ashenzari.
 48580 | Depths:2 | Got the Atlas of Coordinates and the Glacier
 48594 | Depths:2 | Got the Octavo of the Neverending People
 48768 | Depths:2 | Paralysed by a dread lich for 3 turns
 48828 | Depths:2 | Killed an ancient lich
 48932 | Depths:2 | Killed a dread lich
 48985 | Depths:2 | Identified the +5 rapier of Immorality {heavy, rPois}
 48987 | Depths:2 | Identified the +9 halberd "Bokuezuh" {chaos, Fly rN++ Int-5
                  | SInv}
 49192 | Depths:3 | Found a one-way gate to the infinite horrors of the Abyss.
 49392 | Depths:3 | Received a gift from Nemelex Xobeh
 49433 | Depths:3 | Found Meonobb's Jewellery Boutique.
 49433 | Depths:3 | Found Obuacolo's Book Emporium.
 49434 | Depths:3 | Found Atoumi's Jewellery Boutique.
 49451 | Depths:3 | Bought an amulet of regeneration for 600 gold pieces
 49493 | Depths:3 | Reached skill level 27 in Shields
 49621 | Depths:3 | Identified the staff of poison "Rakefreq" {rPois Will+
                  | Str+3}
 49737 | Depths:3 | Found a glowing golden altar of the Shining One.
 49788 | Depths:3 | Found a one-way gateway to a ziggurat.
 50026 | Depths:3 | You fall into a shaft and drop 1 floor!
 50026 | Depths:4 | Entered Level 4 of the Depths
 50304 | Depths:3 | Found an ancient bone altar of Kikubaaqudgha.
 50651 | Depths:4 | Received a gift from Nemelex Xobeh
 51229 | Depths:4 | Found a gate to the Realm of Zot.
 51566 | Zot:1    | Entered Level 1 of the Realm of Zot
 51585 | Zot:1    | Identified the ring of the Imp {rF+ rCorr}
 52085 | Slime:4  | Gained mutation: You are very weak. (Str -4) [a shining
                  | eye]
 52205 | Slime:5  | Entered Level 5 of the Pits of Slime
 52374 | Slime:5  | Found a viscous altar of Jiyva.
 52424 | Slime:5  | Gained mutation: You are vulnerable to heat. (rF-) [a
                  | shining eye]
 52432 | Slime:5  | Reached XP level 24. HP: 249/249 MP: 25/26
 52475 | Slime:5  | Received a gift from Nemelex Xobeh
 52596 | Slime:5  | Noticed the Royal Jelly
 52599 | Slime:5  | Identified the +0 long sword of Blood-Lust {flame, rC+ rN+
                  | Str+4 Dex+3}
 52617 | Slime:5  | Killed the Royal Jelly
 52809 | Slime:5  | Got a slimy rune of Zot
 52828 | Slime:5  | Identified the +3 scale mail of Titikaru {SInv}
 52837 | Slime:5  | Got the Folio of the Scorching Shift
 52864 | Slime:5  | Identified the +5 flail of Dried Tears {speed, Int+2}
 53369 | Slime:2  | Gained mutation: You occasionally lose the ability to drink
                  | potions when taking damage. [a shining eye]
 53371 | Slime:2  | Gained mutation: You are clumsy. (Dex -2) [a shining eye]
 53380 | Slime:2  | Received a gift from Nemelex Xobeh
 54228 | Crypt:1  | Entered Level 1 of the Crypt
 54284 | Crypt:1  | Acquired the +10 zealot's sword {holy, Zealotry, *Rage rN+
                  | EV+3}
 54284 | Crypt:1  | Found the +10 zealot's sword {holy, Zealotry, *Rage rN+
                  | EV+3}
 54487 | Crypt:1  | Got Wom Wess's Essays on the Mortuary
 54910 | Crypt:1  | Reached skill level 27 in Armour
 55036 | Crypt:1  | Received a gift from Nemelex Xobeh
 55292 | Crypt:2  | Found an ancient bone altar of Kikubaaqudgha.
 55858 | Vaults:5 | Lost mutation: You are very weak. (Str -4) [potion of
                  | mutation]
 55858 | Vaults:5 | Lost mutation: You are vulnerable to heat. (rF-) [potion of
                  | mutation]
 55858 | Vaults:5 | Gained mutation: You are mostly covered in iridescent
                  | scales. (AC +4) [potion of mutation]
 56264 | Crypt:2  | Found a basalt altar of Yredelemnul.
 56569 | Crypt:3  | Entered Level 3 of the Crypt
 56569 | Crypt:3  | Received a gift from Nemelex Xobeh
 56672 | Crypt:2  | Learned a level 7 spell: Malign Gateway
 57167 | Zot:1    | Reached skill level 1 in Translocations
 57863 | Zot:1    | Reached skill level 5 in Translocations
 58067 | Depths:1 | Killed Walofim's ghost
 58070 | Depths:1 | Identified the +1 pair of boots of Nalerumo {Harm Drain rN+
                  | Dex+3}
 58583 | Zot:1    | Reached XP level 25. HP: 256/257 MP: 26/26
 58656 | Zot:2    | Noticed an orb of fire
 58662 | Zot:2    | Gained mutation: Your body sometimes deteriorates upon
                  | taking damage. [an orb of fire]
 58670 | Zot:2    | Killed an orb of fire
 59017 | Depths:3 | Voluntarily entered the Abyss.
 59171 | Abyss:3  | Paralysed by accursed screaming for 1 turns
 59296 | Abyss:3  | Got an abyssal rune of Zot
 59446 | Depths:3 | Escaped the Abyss
 59448 | Depths:3 | Upgraded the game from 0.30-a0-1164-ge08a67761e to
                  | 0.31-a0-1-g4198be8af4
 60317 | Crypt:3  | Identified the +4 short sword of the Spheres {heavy, rC+
                  | Str+2 SInv}
 60341 | Crypt:3  | Found a staircase to the Tomb.
 60356 | Crypt:3  | Reached skill level 1 in Summonings
 60876 | Crypt:3  | Found an ancient bone altar of Kikubaaqudgha.
 60876 | Crypt:3  | Found a basalt altar of Yredelemnul.
 60984 | Crypt:3  | Received a gift from Nemelex Xobeh
 60990 | Crypt:3  | Identified the staff of death "Weolih" {rElec rC+++ rN+
                  | Dex-2 Stlth-}
 60993 | Crypt:3  | Identified the ring of Hourghowa {rElec rN+}
 60993 | Crypt:3  | Identified the ring of Hest {+Blink rN+}
 61018 | Crypt:3  | Identified the +10 halberd of Mandamus {protect, rPois
                  | Will- Stlth+}
 62018 | Zot:2    | Paralysed by a sphinx for 4 turns
 62240 | Zot:2    | Received a gift from Nemelex Xobeh
 62499 | Zot:2    | Lost mutation: You occasionally lose the ability to drink
                  | potions when taking damage. [potion of mutation]
 62499 | Zot:2    | Lost mutation: You are weak. (Str -2) [potion of mutation]
 62499 | Zot:2    | Lost mutation: You are mostly covered in iridescent scales.
                  | (AC +4) [potion of mutation]
 62593 | Zot:2    | Noticed a Killer Klown
 62608 | Zot:2    | Killed a Killer Klown
 62905 | Zot:3    | Received a gift from Nemelex Xobeh
 62931 | Zot:3    | Noticed a Killer Klown
 62942 | Zot:3    | Killed a Killer Klown
 62943 | Zot:3    | Reached XP level 26. HP: 266/266 MP: 26/26
 62956 | Zot:3    | Found a shimmering altar of Xom.
 62966 | Zot:3    | Found a glowing silver altar of Zin.
 63120 | Zot:5    | Entered Level 5 of the Realm of Zot
 63547 | Zot:3    | Found a shimmering altar of Xom.
 63566 | Zot:3    | Found a shimmering altar of Xom.
 63685 | Zot:4    | Noticed Grunn
 63838 | Zot:4    | Identified the ring "Fuirph" {Ice rPois Int+3 Dex-2}
 63870 | Zot:4    | Received a gift from Nemelex Xobeh
 64045 | Zot:4    | Found a transporter.
 64050 | Zot:4    | Identified the +0 cloak of the Tarantula {+Inv}
 64051 | Zot:4    | Identified the +0 cloak of the Swan {rC+ rN+ Dex+3}
 64053 | Zot:4    | Noticed Xapeig's ghost (legendary GrAr)
 64055 | Zot:4    | Found a bloodstained altar of Trog.
 64063 | Zot:4    | Found a transporter.
 64071 | Zot:4    | Killed Grunn
 65339 | Zot:4    | Received a gift from Nemelex Xobeh
 65945 | Orc:2    | Bought a wand of digging (4) for 420 gold pieces
 65945 | Orc:2    | Bought a potion of curing for 75 gold pieces
 65946 | Orc:2    | Bought a runed hat for 147 gold pieces
 65949 | Orc:2    | Bought a potion of might for 80 gold pieces
 66058 | Elf:3    | Bought the +2 plate armour of Darkness {Will+ Str+3 Int+3}
                  | for 1222 gold pieces
 66839 | Orc:2    | Bought an embroidered scarf for 168 gold pieces
 67475 | Zot:5    | Identified the ring "Puutze Adairgh" {Fly rElec Str+2}
 67499 | Zot:5    | Reached skill level 27 in Dodging
 67559 | Zot:5    | Noticed an orb of fire
 67561 | Zot:5    | Noticed a dread lich
 67564 | Zot:5    | Noticed an orb of fire
 67566 | Zot:5    | Noticed an orb of fire
 67567 | Zot:5    | Noticed an orb of fire
 67590 | Zot:5    | Gained mutation: You occasionally shout uncontrollably at
                  | your foes. [an orb of fire]
 67594 | Zot:5    | Noticed an orb of fire
 67595 | Zot:5    | Killed an orb of fire
 67596 | Zot:5    | Noticed an orb of fire
 67607 | Zot:4    | Killed an orb of fire
 67754 | Zot:5    | Noticed an ancient lich
 67766 | Zot:4    | Killed an ancient lich
 67820 | Zot:4    | Killed an orb of fire
 67931 | Zot:4    | Killed an orb of fire
 67977 | Zot:5    | Noticed an ancient lich
 68008 | Zot:5    | Noticed an orb of fire
 68008 | Zot:5    | Noticed a dread lich
 68017 | Zot:4    | Killed an orb of fire
 68078 | Zot:5    | Gained mutation: Your body often deteriorates upon taking
                  | damage. [an orb of fire]
 68081 | Zot:5    | Killed an orb of fire
 68090 | Zot:5    | Gained mutation: You are vulnerable to cold. (rC-) [an orb
                  | of fire]
 68100 | Zot:4    | Gained mutation: You are very clumsy. (Dex -4) [an orb of
                  | fire]
 68106 | Zot:4    | Killed an orb of fire
 68107 | Zot:4    | Reached XP level 27. HP: 179/273 MP: 23/26
 68157 | Zot:5    | Killed a dread lich
 68172 | Zot:5    | Killed a dread lich
 68230 | Zot:5    | Killed an ancient lich
 69615 | Zot:5    | Got the Orb of Zot
 69760 | Zot:2    | Noticed Wedon the pandemonium lord
 70228 | D:$      | Escaped with the Orb!

Illustrated notes

Levels and vault maps discovered:
D:1:      dpeg_arrival_connections, layout_loops_ring,
          shapermc_ecumenical_altar_mp_ritualfount, minmay_pentomino_t2
D:2:      minmay_chambers_of_twos, layout_loops_cross, basic_altar,
          hangedman_decor_growths, uniq_robin, uniq_crazy_yiuf_cottage
D:3:      cheibrodos_pilgrimage, layout_loops_ring, lemuel_crystal_altar,
          chequers_garden, uniq_natasha, uniq_sigmund
D:4:      layout_basic, kennysheep_mini_moat,
          mainiacjoe_overflow_six_doors_small
D:5:      layout_basic, zin_academy, minmay_temple_entry_arrows, uniq_ijyb
D:6:      layout_loops_ring, nicolae_overflow_hidden_temple
D:7:      kennysheep_windowed_halls, layout_basic, lemuel_round_altar,
          general_overflow_altar, mainiacjoe_overflow_alcove_1
D:8:      layout_loops_ring, mainiacjoe_overflow_alcove_2,
          erik_lair_orcish_takeover, nrook_campfire, nicolae_eternal_life,
          uniq_joseph
D:9:      layout_roguey, nicolae_hepliaklqana_hazy_memory, enter_bailey_5,
          hangedman_ranch
D:10:     layout_roguey [special_room_orc], vehumet_crystals,
          nicolae_ru_path_of_blood, hellmonk_ghost_happy_afterlife
D:11:     layout_basic
D:12:     layout_rooms, hiddenorc2_lemuel, enter_trove_2, serial_shops, shop,
          minmay_beelzebubs_servants, uniq_jorgrun
D:13:     layout_irregular_city, serial_shops, shop_fountains,
          nicolae_shop_statue_plus, nicolae_shop_peninsula,
          kennysheep_little_box, shop_statue, uniq_frances, uniq_kirke,
          uniq_rupert
D:14:     layout_loops_cross, david_vaults_4, dreamdust_princess_bridge,
          dk_noncrumbling_3, tgw_sif
D:15:     grunt_enter_depths_hoard, layout_gridville, nrook_mini_backslash,
          serial_shops, nicolae_shop_waterfront, uniq_nessos
Temple:   jpeg_temple_alley_garden
Lair:1:   layout_gridlike, enter_volcano_1, minmay_lair_oklob_bushes,
          chequers_serial_rivers_small_b, st_stairs_6, serial_bayou_shore_b,
          serial_bayou_shore_b
Lair:2:   layout_gridlike, spider_nest_entry_a, uniq_gastronok
Lair:3:   layout_misc_corridors, nicolae_swamp_entry_spooky
Lair:4:   layout_regular_city, gauntlet_entry_generic,
          chequers_serial_rivers_small_b, beast_lair_carwin_1,
          lemuel_fruit_tree, uniq_josephine
Lair:5:   hangedman_lair_caniforms_friends, layout_long_grid,
          hangedman_lair_in_review, slime_entry_1, roderic_batcave, wad_woods_02
Swamp:1:  layout_basic_swamp, evilmike_swamp_ruin_rubble_2,
          infiniplex_staircase_pool
Swamp:2:  layout_basic_swamp, serial_swamp_ruin, evilmike_swamp_ruin_house_3,
          hangedman_swamp_ruin_wall, evilmike_swamp_ruin_house_6,
          nicolae_swamp_baby_hydras
Swamp:3:  nicolae_swamp_long_stream, layout_basic_swamp,
          evilmike_swamp_ruin_house_1
Swamp:4:  swamp, layout_basic_swamp
Spider:1: layout_spider_delve, guppyfry_spider_mini_3
Spider:2: layout_cave_pods, drop_trap, nicolae_spider_scorpion_nest
Spider:3: layout_spider_delve, uniq_arachne, uniq_mlioglotl
Spider:4: grunt_spider_rune_parallel, nicolae_spider_stair_cavern
Slime:1:  layout_caves, nicolae_slime_phagocytosis
Slime:2:  layout_caves
Slime:3:  layout_caves
Slime:4:  layout_caves
Slime:5
Orc:1:    layout_caves, bloody_makhleb, uniq_nergalle
Orc:2:    st_orc_mages, layout_caves
Elf:1:    layout_gridlike, special_room [special_room_orc],
          kennysheep_underground_church, drop_trap, lemuel_upstairs_altar,
          grunt_megastairs_1
Elf:2:    elven_hall_of_blades_hangedman_alternative
          [nicolae_blade_entry_hurt_lockers], layout_geoelf_octagon,
          ebering_ghost_inner_flame, serial_shops, shop
Elf:3:    grunt_elf_hall_branching, layout_geoelf_castle, serial_shops,
          shop_fountains, serial_co_window_serial, co_window_paths_b,
          co_window_cross_1, co_window_paths_a, co_window_paths_b,
          co_window_paths_a, co_window_corner_b, glass_columns_c
Vaults:1: nicolae_vaults_tetromino_Z_1, v_misc_4, nicolae_vaults_back_hallway,
          nicolae_vaults_puzzle_piece, v_misc_30, nicolae_vaults_asterisk,
          v_misc_25, grunt_vaults_diagonal, v_misc_11, hangedman_vaults_impose,
          vaults_dpeg_emergency_exit, nicolae_vaults_little_squares_6,
          layout_vaults_omnigrid
Vaults:2: vaults_dpeg_encased_lava, nicolae_vaults_storing_the_good_stuff,
          dpeg_vaults_monster_row, v_misc_33, v_pattern_3,
          nicolae_vaults_network_barrier, nicolae_vaults_tetromino_T_2,
          v_misc_28, grunt_vaults_bifocal, nicolae_vaults_closet_pinwheel_3,
          layout_vaults_ring, serial_shops, shop
Vaults:3: nicolae_vaults_mush_room, minmay_crypt_entry_simple_sparse, v_misc_27,
          hangedman_vaults_unwind, grunt_vaults_hallway_long,
          nicolae_vaults_little_squares_2, nicolae_vaults_surprise_closet,
          nicolae_vaults_specimen_jars, layout_vaults_chaotic_city, uniq_margery
Vaults:4: hangedman_vaults_snaps, nicolae_vaults_wine_cellar,
          hangedman_vaults_stretched_pinwheel, ontoclasm_vaults_shuriken,
          grunt_vaults_twisty, nicolae_vaults_diamond_1,
          nicolae_vaults_lightning_bolt, st_lattice,
          hangedman_vaults_corner_blocks, nicolae_vaults_three_branches,
          grunt_vaults_hallway_short, layout_vaults_omnicross
Vaults:5: serial_shops
Crypt:1:  layout_basic, special_room [special_room_morgue],
          grunt_crypt_arrival_split
Crypt:2:  layout_catacombs, basic_altar, lemuel_mausoleum_altar_yredelemnul
Crypt:3:  lightli_unholy_cathedral, layout_chaotic_city,
          tomb_entry_simple_bobbens
Depths:1: layout_honeycomb, nicolae_gozag_seed_capital, gammafunk_ghost_icy,
          hell_entry, serial_shops, nicolae_shop_hallway_stairs, nicolae_wwwww,
          nicolae_elyvilon_peaceful_grove, uniq_nikola
Depths:2: evilmike_library_of_no_secrets, layout_basic, rand_demon_pan_entry_7,
          cheibrodos_ashenzari_chains, pf_coc_iceberg,
          chequers_serial_rivers_small_3, minmay_staircase_bubble
Depths:3: minmay_the_grid_octo_2x2 [minmay_the_grid_octo_fat_diamond,
          minmay_the_grid_octo_teeth, minmay_the_grid_octo_chip,
          minmay_the_grid_octo_prize_single_spiral], layout_cave_pools,
          enter_ziggurat_f, pf_hell_entry_tar_river,
          nicolae_kikubaaqudgha_miasma_corner, abyss_entry, tso_altar,
          minmay_shop_grove
Depths:4: grunt_zot_entry_gee_three, layout_honeycomb,
          grunt_hell_entry_dis_grunt
Zot:1:    layout_concentric_octagons, grunt_megastairs_5
Zot:2:    layout_onion
Zot:3:    dreamdust_zin_vs_xom, layout_concentric_octagons, uniq_josephina
Zot:4:    layout_misc_corridors, gammafunk_ghost_wrathful_warriors, uniq_grunn
Zot:5:    layout_misc_corridors

Skill      XL: |  1  2  3  4  5  6  7  8  9 10 11 12 13 14 15 16 17 18 19 20 21 22 23 24 25 26 27 |
---------------+----------------------------------------------------------------------------------+-----
Long Blades    | 4 5 6 8 9 10 11 14 15 20 22 | 22.2
Fighting       | 4 5 6 7 9 10 13 15 17 18 20 21 23 24 26 27 | 27.0
Dodging        | 2 3 4 5 6 7 9 11 13 14 15 16 17 18 19 21 25 27 | 27.0
Invocations    | 1 3 4 5 7 8 10 | 10.5
Armour         | 3 4 6 9 10 12 13 14 15 17 18 19 20 21 25 27 | 27.0
Shields        | 1 3 4 8 13 16 18 20 21 23 25 27 | 27.0
Translocations | 5 7 |  7.1
Summonings     | 2 |  2.4

Action                     |  1- 3 |  4- 6 |  7- 9 | 10-12 | 13-15 | 16-18 | 19-21 | 22-24 | 25-27 || total
---------------------------+-------+-------+-------+-------+-------+-------+-------+-------+-------++-------
  Melee: Falchion          |    81 |   191 |   302 |   800 |   184 |    24 |    36 |       |       ||  1618
         Headbutt          |    10 |    22 |    61 |   224 |   220 |   313 |   408 |   659 |   367 ||  2284
         Punch             |       |     1 |     6 |       |       |       |       |       |       ||     7
         Long sword        |       |       |    32 |   176 |       |       |       |       |       ||   208
         Demon blade       |       |       |       |       |   659 |  1080 |  1195 |  1674 |   888 ||  5496
         Unarmed           |       |       |       |       |    19 |       |     1 |       |       ||    20
         Eudemon blade     |       |       |       |       |       |       |       |   251 |   279 ||   530
  Throw: Throwing net      |       |       |     1 |     1 |       |       |       |       |       ||     2
 Invoke: Draw Destruction  |       |       |       |    15 |     3 |     3 |    28 |    15 |    15 ||    79
         Draw Escape       |       |       |       |     5 |     2 |     3 |     4 |     4 |     2 ||    20
         Draw Summoning    |       |       |       |     2 |     4 |     2 |     1 |     3 |       ||    12
         Triple Draw       |       |       |       |     1 |     1 |       |       |       |       ||     2
         Deal Four         |       |       |       |     2 |     5 |    11 |     7 |     9 |     9 ||    43
         Draw Stack        |       |       |       |       |       |     3 |     2 |       |       ||     5
         Stack Five        |       |       |       |       |       |     1 |       |       |       ||     1
Ability: Evoke Blink       |       |       |       |       |       |       |       |     1 |       ||     1
  Evoke: Piece from Xom's  |       |       |    38 |    26 |    23 |     8 |     2 |       |       ||    97
         Wand              |       |       |     1 |     8 |       |       |     2 |       |     3 ||    14
    Use: Scroll            |     1 |     1 |     9 |    19 |     5 |     5 |    17 |    12 |     9 ||    78
         Potion            |       |     6 |     2 |     6 |     3 |     3 |     5 |    13 |    17 ||    55
   Stab: Sleeping          |     1 |     1 |       |       |     5 |       |       |       |       ||     7
         Paralysed         |       |       |     8 |       |       |     1 |       |       |       ||     9
         Held in net/web   |       |       |     1 |       |       |       |       |       |       ||     1
         Petrified         |       |       |       |     1 |       |     2 |       |       |       ||     3
         Confused          |       |       |       |       |     4 |       |     1 |       |     1 ||     6
         Distracted        |       |       |       |       |       |     3 |     1 |       |       ||     4
         Invisible         |       |       |       |       |       |       |       |       |     3 ||     3
 Armour: Leather armour    |    25 |    61 |    94 |       |       |       |       |       |       ||   180
         Skin              |       |     7 |       |    12 |       |       |       |       |       ||    19
         Scale mail        |       |       |     9 |    67 |   114 |   362 |   322 |   302 |   113 ||  1289
         Ring mail         |       |       |       |   331 |   104 |       |       |       |       ||   435
         Plate armour      |       |       |       |       |       |       |       |       |    62 ||    62
  Dodge: Dodged            |    50 |   115 |   199 |   521 |   464 |   673 |   589 |   784 |   531 ||  3926
  Block: Buckler           |       |       |       |   159 |       |       |       |       |       ||   159
         Kite shield       |       |       |       |    16 |   458 |   884 |   708 |       |       ||  2066
         Tower shield      |       |       |       |       |       |       |   294 |  1905 |  1267 ||  3466

Table legend: (Time is in decaauts)
 A = Elapsed time spent in this place.
 B = Non-inter-level travel time spent in this place.
 C = Inter-level travel time spent in this place.
 D = Time resting spent in this place.
 E = Time spent auto-exploring this place.
 F = Levels seen in this place.
 G = Mean time per level.
                   A        B        C        D        E       F      G
               +--------+--------+--------+--------+--------+-----+--------+
         Total |  68728 |  51624 |  17104 |   3148 |  35590 |  62 | 1108.5 |
       Dungeon |  17523 |  12279 |   5244 |    142 |   9288 |  15 | 1168.2 |
        Temple |    196 |    160 |     36 |      0 |    155 |   1 |  196.0 |
          Lair |   5926 |   4554 |   1372 |    166 |   3364 |   5 | 1185.2 |
         Swamp |   2951 |   2478 |    473 |     43 |   1897 |   4 |  737.8 |
   Spider Nest |   3692 |   3040 |    652 |    100 |   2275 |   4 |  923.0 |
    Slime Pits |   3265 |   2831 |    434 |    217 |   2023 |   5 |  653.0 |
  Orcish Mines |   1666 |   1148 |    518 |      0 |    891 |   2 |  833.0 |
   Elven Halls |   3920 |   3347 |    573 |     56 |   2421 |   3 | 1306.7 |
        Vaults |   9902 |   6782 |   3120 |    616 |   4802 |   5 | 1980.4 |
         Crypt |   4081 |   3348 |    733 |    897 |   1661 |   3 | 1360.3 |
        Depths |   7182 |   4844 |   2338 |     51 |   3554 |   4 | 1795.5 |
           Zot |   6435 |   4830 |   1605 |    792 |   2237 |   5 | 1287.0 |
         Abyss |    833 |    833 |      0 |     67 |    384 |   2 |  416.5 |
         Trove |     75 |     75 |      0 |      0 |      3 |   1 |   75.0 |
        Bailey |    403 |    403 |      0 |      0 |    229 |   1 |  403.0 |
       Volcano |    194 |    194 |      0 |      0 |    132 |   1 |  194.0 |
      Gauntlet |    476 |    476 |      0 |      0 |    270 |   1 |  476.0 |
               +--------+--------+--------+--------+--------+-----+--------+

Top non-repeatable levels by time:
Vaults:4: 2930 daAuts
Vaults:1: 2392 daAuts
Depths:2: 2320 daAuts
Depths:4: 1984 daAuts
Vaults:3: 1782 daAuts
    D:14: 1684 daAuts
   Zot:1: 1619 daAuts
     D:8: 1609 daAuts
Depths:1: 1576 daAuts
   Zot:4: 1571 daAuts
    D:13: 1489 daAuts
  Lair:2: 1488 daAuts
    D:11: 1462 daAuts
 Crypt:1: 1450 daAuts
    D:15: 1439 daAuts
